 Dungeon Crawl Stone Soup version 0.31-a0-833-gc15d34cb79 (webtiles) character file.

Game seed: 6843004294849590929

751 Kurtz the Chopper (level 7, -4/41 (46) HPs)
             Began as an Octopode Fighter on Sept 25, 2023.
             Was an Initiate of Makhleb.
             Slain by a wight
             ... wielding a +2 war axe
              (16 damage)
             ... on level 6 of the Dungeon.
             The game lasted 00:03:32 (4507 turns).

Kurtz the Chopper (Octopode Fighter)                Turns: 4507, Time: 00:03:33

HP:   -4/41 (46)    AC:  1    Str: 15    XL:     7   Next: 78%
MP:   8/8           EV: 12    Int: 11    God:    Makhleb [......]
Gold: 276           SH:  9    Dex: 13    Spells: 6/6 levels left

rFire   . . .        a - +0 war axe
rCold   . . .        j - +0 kite shield
rNeg    . . .        (helmet restricted)
rPois   .            t - amulet of the acrobat
rElec   .            (no ring)
rCorr   .            (no ring)
SInv    .            (no ring)
Will    .....        (no ring)
Stlth   ++           (no ring)
HPRegen 0.26/turn    (no ring)
MPRegen 0.11/turn    (no ring)
                     (no ring)

%: acrobat
@: heavily drained
A: almost no armour, amphibious, 8 rings, camouflage 1, gelatinous body 1,
(nimble swimmer 1), tentacles
a: Renounce Religion


You were on level 6 of the Dungeon.
You worshipped Makhleb.
Makhleb was noncommittal.
You visited 2 branches of the dungeon, and saw 7 of its levels.

You collected 276 gold pieces.

Inventory:

Hand Weapons
 a - a +0 war axe (weapon)
Missiles
 y - 2 javelins (quivered)
Armour
 b - a +0 buckler
 j - a +0 kite shield (worn)
Jewellery
 t - an amulet of the acrobat (around mantle)
Scrolls
 f - 2 scrolls of noise {unknown}
 g - 2 scrolls of immolation {unknown}
 h - 3 scrolls of amnesia {unknown}
 l - a scroll of torment {unknown}
 m - 2 scrolls of revelation {unknown}
 r - 5 scrolls of identify {unknown}
 s - a scroll of fog {unknown}
 u - a scroll of teleportation {unknown}
 v - 2 scrolls of blinking {unknown}
Potions
 c - 3 potions of might
 d - 2 potions of berserk rage {unknown}
 e - a potion of attraction {unknown}
 i - 6 potions of heal wounds {unknown}
 k - 2 potions of magic {unknown}
 n - 4 potions of curing {unknown}
 o - 2 potions of degeneration {unknown}
 p - a potion of haste {unknown}
 q - 2 potions of ambrosia {unknown}
 w - a potion of brilliance {unknown}
 x - a potion of lignification {unknown}
 z - a potion of mutation {unknown}


   Skills:
 - Level 3.0 Fighting
 * Level 7.3 Axes
 - Level 3.0 Dodging
 * Level 5.0 Shields
 * Level 1.5 Invocations


You had 6 spell levels left.
You didn't know any spells.
Your spell library contained the following spells:

 Spells                   Type           Power      Damage    Failure   Level
 Sandblast                Erth           0%         2d4       69%         1
 Shock                    Conj/Air       0%         1d3       69%         1
 Passwall                 Tmut/Erth      0%         N/A       83%         2
 Stone Arrow              Conj/Erth      0%         3d7       96%         3
 Swiftness                Air            0%         N/A       96%         3
 Airstrike                Air            0%         2d(0-16)  100%        4
 Animate Dead             Necr           0%         N/A       100%        4
 Brom's Barrelling Bould  Conj/Erth      0%         2d3       100%        4
 Haunt                    Necr/Summ      0%         N/A       100%        7
 Infestation              Necr           0%         N/A       100%        8


Dungeon Overview and Level Annotations

Branches:
Dungeon (6/15)             Temple (1/1) D:4

Altars:
Ashenzari
Cheibriados
Elyvilon
Gozag
Hepliaklqana
Kikubaaqudgha
Makhleb
Ru
Trog
Vehumet
Wu Jian
Xom
Zin
The Shining One

Shops:
D:1 ::   D:5 [


Innate Abilities, Weirdness & Mutations

You cannot wear most types of armour.
You are amphibious.
You can wear up to eight rings at the same time.
Your skin changes colour to match your surroundings (Stealth+).
Your rubbery body absorbs attacks. (AC +1, EV +1)
((You are camouflaged when in or above water. (Stealth+)))
You have tentacles for arms and can constrict up to eight enemies at once.


Message History

No target in view!
No target in view!
Things that are here:
a +3 halberd; a +0 robe You see here a +0 robe.
You see here 2 javelins.
A wight is nearby!
The wight misses you.
You hit the wight. Your grab misses the wight.
The wight is moderately damaged.
The wight hits you with a +2 spear. x2
You closely miss the wight. You grab the wight.
The wight is moderately damaged.
You hit the wight but do no damage. You constrict the wight.
The wight barely misses you. The wight hits you with a +2 spear.
The wight closely misses you.
Unknown command.
You hit the wight but do no damage.
The wight is moderately damaged.
You hit the wight but do no damage. You constrict the wight.
You block the wight's attack. The wight closely misses you.
You slash the wight!
The wight is severely damaged.
You barely miss the wight. You constrict the wight.
The wight hits you with a +2 spear.
You feel drained. The wight closely misses you.
You barely miss the wight.
The wight is almost destroyed.
You slash the wight! You constrict the wight. You block the wight's attack.
The wight barely misses you. x2; The wight closely misses you.
You hit the wight but do no damage.
The wight is almost destroyed.
You barely miss the wight. You closely miss the wight. You constrict the wight.
You destroy the wight!
Makhleb accepts your kill. The wight hits you with a +2 war axe.
You feel drained. The wight hits you with a +0 flail!
You feel drained.
* * * LOW HITPOINT WARNING * * *
The wight hits you with a +2 war axe!
You die...

#... #......|.#
##.....#........#
##...............#
#...........(†...#
#.........##.##### #
#.........##z#
#.##.........##.#
##.#....z.z...##.##....#
.......)@....##[##....#.. .
#...........##.##....#..
....#...........##.##....#..
..#...#..........#.##......#
#.....#..<....<.(..##.....##
#.#.#..........##..........#
#.#..###.................#..
#.#..###..............#...#.
##........##...#......##.#.#.


You could see 2 wights.

Vanquished Creatures
  A water moccasin (D:6)
  A black bear (D:4)
  A centaur (D:6)
  3 wights (D:6)
  2 hounds
  2 orc wizards (D:4)
  4 iguanas
  8 adders
  2 shadow imps
  A worm (D:2)
  5 dart slugs
  4 orcs
  8 endoplasms
  A giant cockroach (D:2)
  3 goblins
  8 hobgoblins
  A quokka (D:2)
  3 ball pythons
  7 bats
  9 frilled lizards
  2 kobolds (D:1)
  7 rats
83 creatures vanquished.

Notes
Turn   | Place    | Note
-------+----------+-------------------------------------------
     0 | D:1      | Kurtz the Octopode Fighter began the quest for the Orb.
     0 | D:1      | Reached XP level 1. HP: 16/16 MP: 1/1
   149 | D:1      | Reached XP level 2. HP: 21/21 MP: 2/2
   204 | D:1      | Found Saffyg's Book Shoppe.
   215 | D:1      | Found a faded altar of an unknown god.
   225 | D:1      | Reached skill level 3 in Axes
   494 | D:1      | Found Imiqiren's Book Emporium.
   657 | D:2      | Reached XP level 3. HP: 26/26 MP: 3/3
  1423 | D:3      | Reached XP level 4. HP: 25/31 MP: 4/4
  1546 | D:3      | Reached skill level 4 in Axes
  2103 | D:4      | Reached XP level 5. HP: 36/36 MP: 5/5
  2237 | D:4      | Reached skill level 5 in Axes
  2391 | D:4      | Reached XP level 6. HP: 42/42 MP: 6/6
  2471 | D:4      | Noticed a black bear
  2498 | D:4      | Killed a black bear
  2499 | D:4      | Reached skill level 6 in Axes
  2556 | D:4      | Found an ancient bone altar of Kikubaaqudgha.
  2688 | D:4      | Found a staircase to the Ecumenical Temple.
  2698 | Temple   | Entered the Ecumenical Temple
  2720 | Temple   | Became a worshipper of Makhleb the Destroyer
  2947 | D:5      | Entered Level 5 of the Dungeon
  3548 | D:5      | Found Besaej's Antique Armour Boutique.
  3719 | D:6      | Noticed a water moccasin
  3728 | D:6      | Killed a water moccasin
  3729 | D:6      | Reached skill level 1 in Invocations
  3729 | D:6      | Reached XP level 7. HP: 12/46 MP: 7/7
  4006 | D:6      | Reached skill level 7 in Axes
  4474 | D:6      | Reached skill level 5 in Shields
  4507 | D:6      | Slain by a wight

Illustrated notes

Levels and vault maps discovered:
D:1:      dpeg_arrival_pond, layout_basic, hellmonk_ecumenical_altar_run_dry,
          serial_shops, nicolae_shop_tiny_waterfront, nicolae_shop_behind_doors
D:2:      minmay_inner_zag, layout_basic, minmay_misc_feat_ornament
D:3:      layout_loops_ring
D:4:      layout_loops_cross, nicolae_overflow_hidden_temple,
          minmay_temple_entry_poolview
D:5:      layout_basic, serial_shops, shop, minivault_1
D:6:      layout_rooms
Temple:   nicolae_temple_god_jail

Skill      XL: |  1  2  3  4  5  6  7 |
---------------+----------------------+-----
Axes           | 3 4 5 6 7 |  7.3
Shields        | 4 5 |  5.0
Invocations    | 1 |  1.5
Fighting       | |  3.0
Dodging        | |  3.0

Action                     |  1- 3 |  4- 6 |  7- 9 || total
---------------------------+-------+-------+-------++-------
  Melee: War axe           |    62 |    68 |    16 ||   146
         Tentacles         |    16 |    17 |     6 ||    39
         Constrict         |    17 |    18 |     6 ||    41
         Punch             |       |     1 |       ||     1
  Throw: Javelin           |       |       |     6 ||     6
    Use: Potion            |       |     1 |       ||     1
   Stab: Sleeping          |     6 |     5 |       ||    11
         Distracted        |       |     1 |       ||     1
 Armour: Skin              |    20 |    36 |    16 ||    72
  Dodge: Dodged            |    24 |    38 |    36 ||    98
  Block: Buckler           |     5 |       |       ||     5
         Kite shield       |    14 |    36 |    14 ||    64

Table legend: (Time is in decaauts)
 A = Elapsed time spent in this place.
 B = Non-inter-level travel time spent in this place.
 C = Inter-level travel time spent in this place.
 D = Time resting spent in this place.
 E = Time spent auto-exploring this place.
 F = Levels seen in this place.
 G = Mean time per level.
                   A        B        C        D        E       F      G
               +--------+--------+--------+--------+--------+-----+--------+
         Total |   4576 |   4395 |    181 |    645 |   3033 |   7 |  653.7 |
       Dungeon |   4535 |   4371 |    164 |    645 |   3033 |   6 |  755.8 |
        Temple |     40 |     23 |     17 |      0 |      0 |   1 |   40.0 |
               +--------+--------+--------+--------+--------+-----+--------+

Top non-repeatable levels by time:
     D:5: 1148 daAuts
     D:4: 889 daAuts
     D:3: 736 daAuts
     D:2: 716 daAuts
     D:1: 613 daAuts
     D:6: 430 daAuts
  Temple: 40 daAuts
